 Dungeon Crawl Stone Soup version 0.28.0-43-g3370ac3207 (webtiles) character file.

Game seed: 3227633978491905406

87 tizbic2 the Bolt Thrower (level 4, 0/27 (32) HPs)
             Began as a Demigod Hunter on Mar 6, 2022.
             Slain by a kobold brigand
             ... wielding a +1 dagger of draining
              (1 damage)
             ... on level 3 of the Dungeon.
             The game lasted 00:09:59 (1532 turns).

tizbic2 the Bolt Thrower (Demigod Hunter)           Turns: 1532, Time: 00:10:00

HP:   0/27 (32)     AC:  9    Str: 17    XL:     4   Next: 7%
MP:   6/6           EV:  7    Int: 13    God:
Gold: 17            SH:  5    Dex: 16    Spells: 3/3 levels left

rFire   . . .      SeeInvis .   a - +0 dagger
rCold   . . .      Faith    .   (no shield)
rNeg    + . .      Spirit   .   p - +0 chain mail
rPois   .          Reflect  +   (no helmet)
rElec   .          Harm     .   (no cloak)
rCorr   .          Rampage  .   (no gloves)
Will    .....      Rage     1%  k - +0 pair of boots
Stlth   ..........              e - amulet of reflection
HPRegen 0.09/turn               l - ring of positive energy
MPRegen 0.10/turn               (no ring)

@: heavily drained
A: high MP 1, forlorn, divine attributes, agile 1, berserk 1, frail 1
a: no special abilities


You were on level 3 of the Dungeon.
You visited 1 branch of the dungeon, and saw 3 of its levels.

You collected 97 gold pieces.
You spent 80 gold pieces at shops.

Inventory:

Hand Weapons
 a - a +0 dagger (weapon)
 b - a +0 short sword
 w - a +1 hand crossbow
Missiles
 f - 28 sling bullets
 g - 59 stones
Armour
 c - a +0 leather armour
 k - a +0 pair of boots (worn)
 p - a +0 chain mail (worn)
Jewellery
 e - an amulet of reflection (around neck)
 l - a ring of positive energy (left hand)
Scrolls
 h - a scroll of fear {unknown}
 i - 3 scrolls of identify {unknown}
Potions
 j - a potion of magic {unknown}
 m - a potion of curing {unknown}
 o - a potion of degeneration {unknown}


   Skills:
 - Level 1.7 Fighting
 * Level 5.3 Crossbows
 - Level 1.7 Dodging
 - Level 0.8 Stealth


You had 3 spell levels left.
You didn't know any spells.
Your spell library was empty.

Dungeon Overview and Level Annotations

Branches:
Dungeon (3/15)

Shops:
D:1 :   D:3 !


Innate Abilities, Weirdness & Mutations

You have an increased reservoir of magic. (+10% MP)
You shall have no god before yourself.
Your divine heritage dramatically boosts your attributes as you level up.
You are agile. (Dex +2)
You tend to lose your temper in combat.
You are frail. (-10% HP)


Message History

Aim: a kobold brigand, wielding a +1 dagger of draining, wearing a +0 robe and quivering poisoned darts (severely wounded, 60% to hit)
You shoot a bolt.
The bolt closely misses the kobold brigand.
You block the kobold brigand's attack.
The hobgoblin hits you but does no damage.
Unknown command.
a - a +0 dagger (weapon)
You block the kobold brigand's attack. You block the hobgoblin's attack.
You hit the kobold brigand.
The kobold brigand is severely wounded.
You block the kobold brigand's attack. You block the hobgoblin's attack.
You hit the kobold brigand.
The kobold brigand is severely wounded.
The kobold brigand barely misses you. You block the hobgoblin's attack.
You barely miss the kobold brigand.
The kobold brigand is severely wounded.
The kobold brigand hits you with a +1 dagger of draining!
* * * LOW HITPOINT WARNING * * *
You partially resist.
You feel drained.
* * * LOW HITPOINT WARNING * * *
You block the hobgoblin's attack.
You hit the kobold brigand.
The kobold brigand is almost dead.
The kobold brigand hits you with a +1 dagger of draining.
* * * LOW HITPOINT WARNING * * *
You partially resist.
You feel drained.
The hobgoblin hits you but does no damage.
You hit the kobold brigand but do no damage.
The kobold brigand is almost dead.
You block the kobold brigand's attack. The hobgoblin closely misses you.
Unknown command.
You hit the kobold brigand.
The kobold brigand is almost dead.
You block the kobold brigand's attack.
The hobgoblin hits you but does no damage.
You hit the hobgoblin but do no damage.
The kobold brigand hits you with a +1 dagger of draining.
* * * LOW HITPOINT WARNING * * *
You partially resist.
You feel drained.
You die...

#.##.#.##.# #...
###.##.#.##.# #...
#...##.#)##.# ...
#.####.#.##.# #.# #.#
#.#.#≈≈≈ #.### ######
#...≈≈≈≈ #...###.....
##≈≈≈≈≈≈ #....g.(....
######≈ #...@K(#### #
#.######≈≈≈### K #)#
#≈≈≈≈≈≈≈≈#### . #.#
#≈≈≈≈≈≈≈≈≈.# ### #.#
###≈≈≈####.# #.. #.#
#### #.# #.# #.######
#.###.#
#.[....########......
######............#..


You could see a kobold brigand and a hobgoblin.

Vanquished Creatures
  Terence (D:2)
  An adder (D:2)
  A worm (D:2)
  2 dart slugs
  4 endoplasms
  7 hobgoblins
  5 kobolds
  2 quokkas
  2 ball pythons
  8 bats
  A frilled lizard (D:1)
  5 goblins
  6 rats
45 creatures vanquished.

Notes
Turn   | Place    | Note
-------+----------+-------------------------------------------
     0 | D:1      | tizbic2 the Demigod Hunter began the quest for the Orb.
     0 | D:1      | Reached XP level 1. HP: 17/17 MP: 3/3
   268 | D:1      | Reached skill level 4 in Crossbows
   353 | D:1      | Reached XP level 2. HP: 24/24 MP: 4/4
   385 | D:1      | Found Dulufy's Book Shoppe.
   910 | D:2      | Reached XP level 3. HP: 26/29 MP: 5/5
   939 | D:2      | Noticed Terence
   942 | D:2      | Killed Terence
   943 | D:2      | Reached skill level 5 in Crossbows
  1398 | D:3      | Reached XP level 4. HP: 36/36 MP: 6/6
  1453 | D:3      | Found Ylezo's Distillery.
  1464 | D:3      | Bought a potion of mutation for 80 gold pieces
  1464 | D:3      | Gained mutation: You are clumsy. (Dex -2) [potion of
                  | mutation]
  1464 | D:3      | Gained mutation: You have sharp toenails. [potion of
                  | mutation]
  1464 | D:3      | Lost mutation: You are clumsy. (Dex -2) [potion of
                  | mutation]
  1464 | D:3      | Gained mutation: Your spells are a little harder to cast,
                  | but a little more powerful. [potion of mutation]
  1465 | D:3      | Lost mutation: You have sharp toenails. [potion of
                  | mutation]
  1465 | D:3      | Lost mutation: Your spells are a little harder to cast, but
                  | a little more powerful. [potion of mutation]
  1465 | D:3      | Gained mutation: You tend to lose your temper in combat.
                  | [potion of mutation]
  1465 | D:3      | Gained mutation: You are frail. (-10% HP) [potion of
                  | mutation]
  1465 | D:3      | Gained mutation: You are agile. (Dex +2) [potion of
                  | mutation]
  1511 | D:3      | Noticed a kobold brigand
  1532 | D:3      | HP: 1/28 [kobold brigand/+1 dagger of draining (5)]
  1532 | D:3      | Slain by a kobold brigand

Illustrated notes

Levels and vault maps discovered:
D:1:      dpeg_arrival_orchard, layout_rooms, serial_shops,
          nicolae_shop_window_shopping
D:2:      layout_basic, uniq_terence
D:3:      cheibrodos_thug_alley, layout_loops_ring, lemuel_crystal_altar,
          nemelex_diamond_rough_becter, serial_forest,
          infiniplex_forest_straight_1, infiniplex_forest_clump_small,
          infiniplex_forest_clump_double, infiniplex_forest_join,
          infiniplex_forest_corner_1, infiniplex_forest_lined_corner,
          serial_shops, nicolae_shop_advertising_works
          [nicolae_subvault_shop_adworks], kennysheep_decorative_pillar

Skill      XL: |  1  2  3 |
---------------+----------+-----
Crossbows      | 4 5 |  5.3
Fighting       | |  1.7
Dodging        | |  1.7
Stealth        | |  0.8

Action                   |  1- 3 |  4- 6 || total
-------------------------+-------+-------++-------
Melee: Short sword       |    16 |       ||    16
       Dagger            |    28 |    10 ||    38
       Punch             |     1 |       ||     1
 Fire: Hand crossbow     |    56 |    19 ||    75
  Use: Potion            |       |     2 ||     2
Armor: Leather armour    |    11 |       ||    11
       Chain mail        |    14 |     9 ||    23
Dodge: Dodged            |    26 |     5 ||    31
Block: Other             |    19 |    13 ||    32
       Reflection        |     2 |       ||     2
